 Dungeon Crawl Stone Soup version 0.16.0-17-g811c1d7 (webtiles) character file.

6323 vatarom the Formicid Disaster (level 11, -5/75 HPs)
             Began as a Formicid Fighter on Mar 20, 2015.
             Was a Believer of Qazlal.
             Slain by a killer bee (7 damage)
             ... on level 8 of the Dungeon.
             The game lasted 00:20:00 (7527 turns).

vatarom the Formicid Disaster (Formicid Fighter)    Turns: 7527, Time: 00:20:01

Health: -5/75      AC: 17    Str: 27    XL:     11   Next: 16%
Magic:  28/28      EV:  6    Int: 12    God:    Qazlal [**....]
Gold:   386        SH: 12    Dex: 12    Spells: 0 memorised, 10 levels left

rFire  . . .     SeeInvis +     w - +1 battleaxe (curse)
rCold  . . .     Clarity  .     A - +2 chain mail of Feasting {Str+3}
rNeg   . . .     SustAb   .     c - +0 shield
rPois  .         Gourm    .     (helmet unavailable)
rElec  .         Spirit   .     v - +0 cloak
rCorr  .         Warding  .     x - +2 pair of gloves
rMut   .         Stasis   +     y - +1 pair of boots
MR     +....                    (no amulet)
Stlth  ..........               q - +4 ring of intelligence
                                g - ring of flight

@: very slightly contaminated, invisible, somewhat resistant to hostile
enchantments, extremely unstealthy
A: permanent stasis, dig shafts and tunnels, four strong arms, antennae 3, agile
1
a: Dig, Shaft Self, Upheaval, Renounce Religion, Evoke Flight


You were on level 8 of the Dungeon.
You worshipped Qazlal.
Qazlal was pleased with you.
You were not hungry.

You visited 2 branches of the dungeon, and saw 10 of its levels.

You collected 386 gold pieces.

Inventory:

Hand weapons
 w - a cursed +1 battleaxe (weapon)
Armour
 c - a +0 shield (worn)
 v - a +0 cloak (worn)
 x - a +2 pair of gloves (worn)
 y - a +1 pair of boots (worn)
 A - the +2 chain mail of Feasting (worn) {Str+3}
   (You found it on level 8 of the Dungeon)

   It affects your strength (+3).
Jewellery
 g - a ring of flight (left hand)
 q - a +4 ring of intelligence (right hand)
 C - an uncursed ring of positive energy {unknown}
Magical devices
 a - a wand of digging (12)
 k - a wand of teleportation (2)
 s - a wand of invisibility (1)
 t - a wand of cold (8)
 u - a wand of slowing (23)
 z - a wand of confusion (32)
Scrolls
 f - 3 scrolls of identify
 m - a scroll of recharging
 n - 3 scrolls of remove curse
 p - 3 scrolls of amnesia
Potions
 b - 2 potions of might
 i - a potion of brilliance
 r - 3 potions of flight
Books
 e - a book of Enchantments

   Spells                             Type                      Level
   a - Tukima's Dance                 Hexes                        3
   b - Cause Fear                     Hexes                        4
   c - Silence                        Hexes/Air                    5
   d - Deflect Missiles               Charms/Air                   6
   e - Haste                          Charms                       6
   f - Discord                        Hexes                        8
Comestibles
 d - 3 bread rations
 h - 4 fruits
 j - 2 meat rations
 l - 4 beef jerkies
 o - 2 slices of pizza


   Skills:
 - Level 3.2 Fighting
 + Level 12.1 Axes
 - Level 3.2 Armour
 - Level 3.6 Shields
 + Level 12.3 Invocations


You had 10 spell levels left.
You didn't know any spells.

Dungeon Overview and Level Annotations

Branches:
Dungeon (9/15)             Temple (1/1) D:4            Lair (0/8) D:8
    Orc: D:9-12

Altars:
Ashenzari
Cheibriados
Dithmenos
Elyvilon
Fedhas
Gozag
Kikubaaqudgha
Makhleb
Nemelex Xobeh
Okawaru
Qazlal
Ru
Sif Muna
Trog
Vehumet
Xom
Yredelemnul
Zin
The Shining One

Shops:
D:4 *   D:5 *


Innate Abilities, Weirdness & Mutations

You are under a permanent stasis effect.
You can dig through walls and to a lower floor.
Your four strong arms can wield two-handed weapons with a shield.
You have a pair of large antennae on your head (SInv).
You are agile. (Dex +2)


Message History

You block the killer bee's attack. x2
There is a stone staircase leading up here.
The killer bee stings you.
* * * LOW HITPOINT WARNING * * *
You block the killer bee's attack. x2
The killer bee stings you.
* * * LOW HITPOINT WARNING * * *
You climb upwards.
There is a stone staircase leading down here.
Unknown command.
Unknown command.
You block the killer bee's attack.
The killer bee stings you but does no damage. x2
Use which ability? (? or * to list)
Aiming: Upheaval
Press: ? - help, Dir - move target cursor, f - killer bee
Aim: a killer bee
Okay, then.
The killer bee stings you!
You die...

###.## #.# #[# #
#.# #.###.# # #.##
##.##.# #..#
#....# #..###
#...##
###..###..########
###.....[.>.##.#
#########yy.##
##@.# #.## ###


You could see 2 killer bees.

Vanquished Creatures
  Erolcha (D:8)
  Pikel (D:9)
  A two-headed ogre (D:8)
  Prince Ribbit (D:8)
  Eustachio (D:7)
  A hungry ghost (D:8)
  A hippogriff (D:6)
  3 water moccasins
  6 yaks (D:9)
  Menkaure (D:7)
  A phantom (D:5)
  2 ice beasts
  An orc warrior (D:6)
  2 sky beasts
  A crocodile (D:7)
  3 slaves (D:9)
  An ogre (D:8)
  A centaur (D:5)
  Duvessa (D:7)
  A big kobold (D:7)
  Blork the orc (D:5)
  4 giant frogs
  A gnoll sergeant (D:9)
  3 scorpions
  5 killer bees (D:8)
  A water moccasin skeleton (D:4)
  Dowan (D:7)
  3 crimson imps
  A centaur zombie (D:5)
  2 giant frog zombies
  A jelly (D:8)
  3 orc priests
  A centaur skeleton (D:8)
  3 hounds
  11 orc wizards
  6 worker ants
  7 iguanas
  A hound skeleton (D:4)
  2 worker ant zombies
  2 river rats (D:8)
  15 gnolls
  13 adders
  2 giant mites
  6 worms
  An adder skeleton (D:5)
  A giant gecko (D:2)
  An ooze (D:4)
  18 orcs
  4 ball pythons
  18 bats
  A bat skeleton (D:4)
  3 giant cockroaches
  7 goblins
  11 hobgoblins
  2 jackals (D:9)
  6 quokkas
  A giant gecko skeleton (D:5)
  4 giant newts
  A jackal zombie (D:9)
  16 kobolds
  13 rats
234 creatures vanquished.

Notes
Turn   | Place    | Note
--------------------------------------------------------------
     0 | D:1      | vatarom, the Formicid Fighter, began the quest for the Orb.
     0 | D:1      | Reached XP level 1. HP: 18/18 MP: 1/1
    41 | D:1      | Reached XP level 2. HP: 24/24 MP: 3/3
   410 | D:1      | Reached XP level 3. HP: 29/29 MP: 4/4
   975 | D:2      | Reached XP level 4. HP: 33/35 MP: 5/5
   979 | D:2      | Reached skill level 4 in Axes
  1426 | D:3      | Found a shadowy altar of Dithmenos.
  1431 | D:3      | Noticed an ice beast
  1443 | D:3      | Killed an ice beast
  1443 | D:3      | Reached skill level 5 in Axes
  1443 | D:3      | Reached XP level 5. HP: 24/41 MP: 7/7
  1615 | D:3      | Reached XP level 6. HP: 47/47 MP: 8/8
  1766 | D:3      | Found a deep blue altar of Sif Muna.
  1777 | D:3      | Found an iron altar of Okawaru.
  1994 | D:3      | Reached skill level 6 in Axes
  2194 | D:4      | Found a shimmering altar of Xom.
  2267 | D:4      | Found a staircase to the Ecumenical Temple.
  2325 | Temple   | Entered the Ecumenical Temple
  2393 | Temple   | Became a worshipper of Qazlal Stormbringer
  2457 | D:4      | Reached skill level 1 in Invocations
  2485 | D:4      | Found Wamaiga's Serpentskin Sales.
  2485 | D:4      | Noticed a water moccasin
  2494 | D:4      | Killed a water moccasin
  2494 | D:4      | Reached XP level 7. HP: 43/52 MP: 8/11
  2598 | D:4      | Reached skill level 7 in Axes
  3000 | D:4      | Acquired Qazlal's first power
  3068 | D:4      | Found a glowing silver altar of Zin.
  3071 | D:4      | Found a bloodstained altar of Trog.
  3222 | D:5      | Entered Level 5 of the Dungeon
  3233 | D:5      | Reached XP level 8. HP: 47/58 MP: 17/17
  3300 | D:5      | Noticed Blork the orc
  3304 | D:5      | Found Gozag's Platinum Reserve.
  3306 | D:5      | Killed Blork the orc
  3310 | D:5      | Found an opulent altar of Gozag.
  3380 | D:5      | Reached skill level 5 in Invocations
  3519 | D:5      | Reached skill level 8 in Axes
  4094 | D:6      | Reached XP level 9. HP: 55/64 MP: 21/21
  4123 | D:6      | Acquired Qazlal's second power
  4215 | D:6      | Reached skill level 9 in Axes
  4677 | D:7      | Noticed Menkaure
  4682 | D:7      | Killed Menkaure
  4692 | D:7      | Found a burning altar of Makhleb.
  4717 | D:7      | Noticed Duvessa
  4724 | D:7      | Noticed Dowan
  4727 | D:7      | Killed Duvessa
  4727 | D:7      | Reached skill level 10 in Axes
  4731 | D:7      | Killed Dowan
  4816 | D:7      | Noticed Eustachio
  4825 | D:7      | Killed Eustachio
  4994 | D:7      | Reached XP level 10. HP: 62/70 MP: 24/24
  5140 | D:8      | Noticed Erolcha
  5140 | D:8      | Acquired Qazlal's third power
  5144 | D:8      | Killed Erolcha
  5144 | D:8      | Reached skill level 10 in Invocations
  5197 | D:8      | Got a pitted chain mail
  5198 | D:8      | Identified the +2 chain mail of Feasting {Str+3} (You found it on level 8 of the Dungeon)
  5246 | D:8      | Reached skill level 11 in Axes
  5816 | D:8      | Found a staircase to the Lair.
  5863 | D:8      | Noticed Prince Ribbit
  5885 | D:8      | Killed Prince Ribbit
  6265 | D:8      | Gained mutation: You are agile. (Dex +2) [mutagenic meat]
  6549 | D:9      | Reached XP level 11. HP: 33/75 MP: 25/27
  6762 | D:9      | Reached skill level 12 in Invocations
  7397 | D:9      | Noticed Pikel
  7402 | D:9      | Killed Pikel
  7429 | D:9      | Noticed a four-headed hydra
  7524 | D:9      | HP: 2/75 [killer bee (5)]
  7527 | D:8      | Slain by a killer bee

Action                   |  1- 3 |  4- 6 |  7- 9 | 10-12 || total
-------------------------+-------+-------+-------+-------++-------
Melee: War axe           |    67 |   110 |   134 |       ||   311
       Battleaxe         |       |       |   102 |   214 ||   316
Invok: Upheaval          |       |       |       |     4 ||     4
       Elemental Force   |       |       |       |     1 ||     1
 Abil: Dig               |       |       |       |     1 ||     1
Evoke: Wand              |       |       |       |     1 ||     1
  Use: Potion            |     5 |     2 |     2 |     7 ||    16
       Scroll            |     4 |     3 |     3 |     2 ||    12
  Eat: Bread ration      |       |     2 |     2 |     2 ||     6
       Chunk             |       |       |       |     1 ||     1
